 Dungeon Crawl Stone Soup version 0.31-a0-174-g85c54bcb58 (webtiles) character file.

Game seed: 5756421153114297874

11120 IdlyInterested the Fighter (level 11, -1/100 HPs)
             Began as a Demonspawn Gladiator on June 15, 2023.
             Was a Believer of Qazlal.
             Slain by a sixfirhy (6 damage)
             ... on level 11 of the Dungeon.
             The game lasted 00:54:45 (12030 turns).

IdlyInterested the Fighter (Demonspawn Gladiator)  Turns: 12030, Time: 00:54:46

Health: -1/100     AC: 14    Str: 18    XL:     11   Next: 45%
Magic:  0/24       EV:  9    Int:  9    God:    Qazlal [**....]
Gold:   300        SH: 18    Dex: 17    Spells: 10/10 levels left

rFire   + . .        c - +1 dagger (speed)
rCold   . . .        K - +0 tower shield
rNeg    . . .        C - +0 acid dragon scales
rPois   .            (helmet unavailable)
rElec   .            m - +1 cloak {Will+}
rCorr   +            r - +1 pair of gloves of the Butcher {Rampage rF+ Str-3 Int+4}
SInv    .            g - +0 pair of boots
Will    ++...        (no amulet)
Stlth   ++           f - ring of willpower
HPRegen 0.36/turn    T - ring "Fusudd" {Fly MP+9 Str+6 Int-4}
MPRegen 0.38/turn

%: guardian spirit, rampage
@: lethally poisoned (-1 -> -5), marked, corroded, sanguine armoured, flying
A: horns 3, ignite blood 2, magic shield, magic regeneration, sanguine armour 1,
weak 1
a: Renounce Religion, Upheaval


You were on level 11 of the Dungeon.
You worshipped Qazlal.
Qazlal was pleased with you.
You visited 2 branches of the dungeon, and saw 12 of its levels.
You also visited: Sewer.

You collected 1008 gold pieces.
You spent 708 gold pieces at shops.

Inventory:

Hand Weapons
 a - a +0 rapier of flaming
 c - a +1 dagger of speed (weapon)
 p - a +0 broad axe
 v - the +5 scythe "Finisher" {speed, execute}
   (You found it on level 8 of the Dungeon)
 x - a +3 war axe of freezing
Missiles
 d - 5 throwing nets
 e - a javelin
 o - 39 poisoned darts
 u - 5 boomerangs
 P - 2 curare-tipped darts
Armour
 g - a +0 pair of boots (worn)
 m - a +1 cloak of willpower (worn)
 r - the +1 pair of gloves of the Butcher (worn) {Rampage rF+ Str-3 Int+4}
   (You found it on level 4 of the Dungeon)

   Str:       It affects your strength (-3).
   Int:       It affects your intelligence (+4).
   rF:        It protects you from fire.
   Rampage:   It bestows one free step when moving towards enemies.
 s - a +2 robe of the Archmagi
 t - a +0 kite shield
 C - +0 acid dragon scales (worn)
 K - a +0 tower shield (worn)
 Q - a +0 pair of gloves
Jewellery
 f - a ring of willpower (left hand)
 G - a ring of poison resistance
 H - a +6 ring of intelligence
 I - a +4 ring of protection
 T - the ring "Fusudd" (right hand) {Fly MP+9 Str+6 Int-4}
   (You bought it in a shop on level 5 of the Dungeon)

   [ring of flight]

   Str:       It affects your strength (+6).
   Int:       It affects your intelligence (-4).
   MP:        It affects your magic capacity (+9).
   Fly:       It grants you flight.
Wands
 k - a wand of flame (19)
 y - a wand of iceblast (16)
 N - a wand of digging (4)
 S - a wand of acid (4)
 X - a wand of mindburst (8)
Scrolls
 i - 5 scrolls of vulnerability
 j - a scroll of revelation
 q - a scroll of poison
 D - 2 scrolls of fear
 E - 3 scrolls of teleportation
Potions
 h - 4 potions of curing
 l - a potion of cancellation
 n - a potion of heal wounds
 w - a potion of attraction
 z - 2 potions of brilliance
 A - 3 potions of enlightenment
 M - a potion of mutation
Miscellaneous
 B - a piece from Xom's chessboard (15/15) (quivered)


   Skills:
 + Level 14.1 Fighting
 - Level 2.6 Short Blades
 * Level 5.1 Axes
 - Level 2.0 Throwing
 - Level 3.0 Armour
 - Level 3.0 Dodging
 - Level 3.0 Stealth
 - Level 6.0 Shields
 - Level 6.0 Invocations
 + Level 2.7 Evocations


You had 10 spell levels left.
You didn't know any spells.
Your spell library contained the following spells:

 Spells                   Type           Power      Damage    Failure   Level
 Sandblast                Erth           0%         2d4       98%         1
 Ensorcelled Hibernation  Hex/Ice        0%         N/A       99%         2
 Passwall                 Tmut/Erth      0%         N/A       99%         2
 Poisonous Vapours        Pois/Air       0%         N/A       99%         2
 Mephitic Cloud           Conj/Pois/Air  0%         N/A       100%        3
 Portal Projectile        Hex/Tloc       0%         N/A       100%        3
 Stone Arrow              Conj/Erth      0%         3d7       100%        3
 Swiftness                Air            0%         N/A       100%        3
 Tukima's Dance           Hex            0%         N/A       100%        3
 Volatile Blastmotes      Fire/Tloc      0%         2d10      100%        3
 Fulminant Prism          Conj/Hex       0%         3d5       100%        4
 Iskenderun's Mystic Bla  Conj/Tloc      0%         2d3       100%        4
 Passage of Golubria      Tloc           0%         N/A       100%        4
 Blade Hands              Tmut           0%         N/A       100%        5
 Freezing Cloud           Conj/Ice/Air   0%         6-21      100%        5
 Iskenderun's Battlesphe  Conj           0%         2d6       100%        5
 Lee's Rapid Deconstruct  Erth           0%         3d4*      100%        5
 Yara's Violent Unravell  Hex/Tmut       0%         3d3       100%        5
 Leda's Unmaking          Conj/Erth      0%         9d1       100%        6
 Spellforged Servitor     Conj/Summ      0%         N/A       100%        7


Dungeon Overview and Level Annotations

Branches:
Dungeon (11/15)            Temple (1/1) D:4            Lair (0/5) D:8
    Orc (0/2) D:9           Sewer (visited)

Altars:
Ashenzari
Cheibriados
Dithmenos
Fedhas
Gozag
Hepliaklqana
Kikubaaqudgha
Makhleb
Nemelex Xobeh
Okawaru
Qazlal
Ru
Sif Muna
Trog
Uskayaw
Vehumet
Wu Jian
Xom
Yredelemnul

Shops:
D:5 =*[   D:6 :


Innate Abilities, Weirdness & Mutations

You have a pair of large horns on your head.
Your demonic aura often causes spilled blood to erupt in flames.
When hurt, damage is shared between your health and your magic reserves.
You regenerate magic rapidly.
When seriously injured, your blood forms armour. (AC +6)
You are weak. (Str -2)


Message History

The vampire mosquito closely misses you.
The quasit is engulfed in blazing flames.
You block the quasit's attack.
The quasit claws you but does no damage.
You block the quasit's attack.
The vampire mosquito bites you but does no damage.
The quasit is engulfed in blazing flames.
The quasit barely misses you. You block the quasit's attack.
The quasit barely misses you.
You hit the cyclops.
The cyclops is moderately wounded.
You block the vampire mosquito's attack.
Something hits you.
* * * LOW HITPOINT WARNING * * *
The cyclops hits you but does no damage.
The kobold brigand throws a poisoned dart.
The poisoned dart hits you!
You are poisoned.
The quasit is engulfed in blazing flames.
You block the quasit's attack. x2
The quasit claws you but does no damage.
The vampire mosquito bites you but does no damage.
You barely miss the rust devil. Your headbutt misses the rust devil.
The rust devil is moderately wounded.
You feel sick. Something hits you.
* * * LOW HITPOINT WARNING * * *
You block the vampire mosquito's attack.
The quasit is engulfed in blazing flames.
The quasit closely misses you. You block the quasit's attack. x2
A soul eater comes into view.
The orange demon stings you from afar!
* * * LOW HITPOINT WARNING * * *
The rust devil hits you. The rust devil corrodes you!
The cyclops is engulfed in blazing flames.
You block the cyclops's attack.
You hit the rust devil but do no damage.
The rust devil is moderately wounded.
* * * LOW HITPOINT WARNING * * *
You feel sick. The sixfirhy hits you!
You die...

..........
..<.......
#.........
.>.$.....
.........
##K.......
##KKKK....#
##34y##
#.☼@..#
#.C○5.#
#3.3..4#
#......4#
#.........#
...#.#####.#
.≈≈##. ..
+#§ .. ..


You could see 2 soul eaters, an orange demon, a cyclops, a rust devil, a
sixfirhy, a chaos spawn, a vampire mosquito, a kobold brigand, a quasit and 4
kobolds.

Vanquished Creatures
  An ogre mage (D:10)
  2 two-headed ogres (D:8)
  A skeletal warrior (D:8)
  A deep elf pyromancer (D:10)
  2 komodo dragons
  A hornet (D:9)
  Sigmund (D:5)
  A vampire (D:9)
  5 wraiths
  A shadow (D:10)
  2 wyverns
  7 yaks (D:8)
  A chaos spawn (D:11)
  3 vampire mosquitoes
  A neqoxec (D:11)
  A steam dragon (D:8)
  2 acid dragons
  6 water moccasins
  An orc warrior (D:9)
  2 black bears (D:8)
  An ogre (D:7)
  A phantom (D:7)
  5 kobold brigands
  2 gnoll sergeants (D:7)
  7 bullfrogs
  3 scorpions
  10 wights (D:9)
  4 killer bees (D:8)
  3 howler monkeys
  5 hounds
  A jelly (D:5)
  8 orc priests
  3 sleepcaps
  Terence (D:2)
  3 iguanas
  13 orc wizards
  Robin (D:2)
  5 adders
  9 gnolls (D:7)
  2 river rats (Sewer)
  A shadow imp (D:8)
  An ufetubus (D:4)
  A worm (D:2)
  2 dart slugs (D:2)
  23 orcs
  5 endoplasms
  6 giant cockroaches
  12 goblins
  15 hobgoblins
  7 jackals
  26 kobolds
  6 quokkas
  6 ball pythons
  7 bats
  5 frilled lizards
  8 rats
260 creatures vanquished.

Notes
Turn   | Place    | Note
-------+----------+-------------------------------------------
     0 | D:1      | IdlyInterested the Demonspawn Gladiator began the quest for
                  | the Orb.
     0 | D:1      | Reached XP level 1. HP: 16/16 MP: 1/1
   118 | D:1      | Reached skill level 1 in Armour
   123 | D:1      | Gained mutation: Your demonic aura sometimes causes spilled
                  | blood to erupt in flames. [demonic ancestry]
   123 | D:1      | Reached XP level 2. HP: 22/22 MP: 2/2
   380 | D:1      | Reached skill level 1 in Stealth
   846 | D:1      | Reached skill level 1 in Evocations
   862 | D:1      | Gained mutation: You have a pair of small horns on your
                  | head. [demonic ancestry]
   862 | D:1      | Reached XP level 3. HP: 28/28 MP: 3/3
  1066 | D:2      | Noticed Terence
  1076 | D:2      | Killed Terence
  1077 | D:2      | Reached skill level 3 in Fighting
  1078 | D:2      | Reached XP level 4. HP: 14/35 MP: 4/4
  1170 | D:2      | Noticed Robin
  1198 | D:2      | Killed Robin
  2354 | D:3      | Found a shimmering altar of Xom.
  2362 | D:3      | Reached skill level 4 in Fighting
  2520 | D:3      | Gained mutation: When seriously injured, your blood forms
                  | armour. (AC +6) [demonic ancestry]
  2520 | D:3      | Reached XP level 5. HP: 42/42 MP: 5/5
  2711 | D:4      | Reached skill level 1 in Shields
  2804 | D:4      | Identified the +1 pair of gloves of the Butcher {Rampage
                  | rF+ Str-3 Int+4}
  3394 | D:4      | Found a staircase to the Ecumenical Temple.
  3527 | D:5      | Entered Level 5 of the Dungeon
  3761 | D:5      | Found Dyrufewis's General Store.
  3763 | D:5      | Found Niruleh's Jewellery Emporium.
  3763 | D:5      | Found Xofaet's Antique Armour Emporium.
  3847 | D:5      | Found a glowing drain.
  3851 | Sewer    | Entered a sewer
  3857 | Sewer    | Reached skill level 5 in Fighting
  3861 | Sewer    | Gained mutation: You have a pair of horns on your head.
                  | [demonic ancestry]
  3861 | Sewer    | Reached XP level 6. HP: 51/51 MP: 6/6
  4154 | Temple   | Entered the Ecumenical Temple
  4154 | Temple   | Found a transporter.
  4154 | Temple   | Found a transporter.
  4156 | Temple   | Found a transporter.
  4156 | Temple   | Found a transporter.
  4494 | D:5      | Noticed Sigmund
  4499 | D:5      | Killed Sigmund
  4500 | D:5      | Reached skill level 6 in Fighting
  4585 | D:5      | Gained mutation: You regenerate magic rapidly. [demonic
                  | ancestry]
  4585 | D:5      | Reached XP level 7. HP: 48/58 MP: 7/7
  4754 | D:5      | Found a sacrificial altar of Ru.
  5157 | D:6      | Noticed a wyvern
  5169 | D:6      | Killed a wyvern
  5170 | D:6      | Reached skill level 7 in Fighting
  5376 | D:6      | Found Loexi's Book Boutique.
  5392 | D:6      | Reached skill level 1 in Invocations
  5595 | D:6      | Reached skill level 8 in Fighting
  5595 | D:6      | Reached XP level 8. HP: 68/68 MP: 9/9
  6303 | D:5      | Bought the ring "Fusudd" {Fly MP+9 Str+6 Int-4} for 476
                  | gold pieces
  6963 | D:7      | Reached skill level 9 in Fighting
  7271 | D:7      | Gained mutation: When hurt, damage is shared between your
                  | health and your magic reserves. [demonic ancestry]
  7271 | D:7      | Reached XP level 9. HP: 71/78 MP: 10/10
  7301 | D:7      | Reached skill level 10 in Fighting
  7947 | D:5      | Bought a runed cloak for 232 gold pieces
  8028 | Temple   | Became a worshipper of Qazlal Stormbringer
  8238 | D:8      | Reached skill level 5 in Shields
  8247 | D:8      | Reached skill level 11 in Fighting
  8247 | D:8      | Noticed a skeletal warrior
  8266 | D:8      | Killed a skeletal warrior
  8287 | D:8      | Reached skill level 12 in Fighting
  8296 | D:8      | Gained mutation: You have a pair of large horns on your
                  | head. [demonic ancestry]
  8296 | D:8      | Reached XP level 10. HP: 40/89 MP: 12/12
  8618 | D:8      | Reached * piety under Qazlal
  8668 | D:8      | Found a staircase to the Lair.
  8753 | D:8      | Found a shadowy altar of Dithmenos.
  8757 | D:8      | Noticed a two-headed ogre
  8766 | D:8      | Killed a two-headed ogre
  8767 | D:8      | Reached skill level 5 in Invocations
  8771 | D:8      | Reached skill level 13 in Fighting
  9155 | D:8      | Found an iron altar of Okawaru.
  9228 | D:8      | Reached skill level 1 in Axes
  9274 | D:8      | Noticed a two-headed ogre
  9284 | D:8      | Killed a two-headed ogre
  9426 | D:8      | Found a sparkling altar of Nemelex Xobeh.
  9581 | D:8      | Found the +5 scythe "Finisher" {speed, execute}
  9853 | D:9      | Found a staircase to the Orcish Mines.
 10059 | D:9      | Gained mutation: Your demonic aura often causes spilled
                  | blood to erupt in flames. [demonic ancestry]
 10059 | D:9      | Reached XP level 11. HP: 97/98 MP: 15/15
 10802 | D:9      | Reached ** piety under Qazlal
 10940 | D:10     | Entered Level 10 of the Dungeon
 11340 | D:10     | Identified the +4 mace of Ewisim {heavy, Int+3}
 11366 | D:10     | Noticed an ogre mage
 11366 | D:10     | Noticed a deep elf pyromancer
 11770 | D:10     | Killed an ogre mage
 11771 | D:10     | Reached skill level 14 in Fighting
 11788 | D:10     | Killed a deep elf pyromancer
 12016 | D:11     | Gained mutation: You are weak. (Str -2) [a neqoxec]
 12022 | D:11     | Noticed a sixfirhy
 12023 | D:11     | Reached skill level 5 in Axes
 12025 | D:11     | Noticed a soul eater
 12029 | D:11     | Noticed a soul eater
 12029 | D:11     | HP: 5/100 [orange demon (8)]
 12030 | D:11     | Slain by a sixfirhy

Illustrated notes

Levels and vault maps discovered:
D:1:      beargit_arrival_greenhouse, layout_basic, minmay_gold_behind_fungi
D:2:      layout_loops_ring, minmay_increasing_density, uniq_robin, uniq_terence
D:3:      layout_rooms, xom_butterflies, hangedman_abyss_or_decor_lesser_grid,
          skrybe_limestone_x, kennysheep_generic_room_9
D:4:      layout_gridville, mainiacjoe_overflow_alcove_4,
          minmay_temple_entry_from_below_b, corexii_shack,
          kennysheep_decorative_pillar
D:5:      layout_loops_ring, mainiacjoe_overflow_swirl, gup_sewer_entry_bowl,
          serial_rivers, chequers_serial_rivers_micro_c,
          chequers_serial_rivers_micro_b, chequers_serial_rivers_room_a,
          chequers_serial_rivers_small_b, chequers_serial_rivers_small_b,
          chequers_serial_rivers_room_b, nicolae_shop_distant_corner_stores,
          minmay_misc_feat_encased, uniq_sigmund
D:6:      layout_basic, serial_shops, nicolae_square_shop
D:7:      kennysheep_housing_project, layout_cave_pools,
          kennysheep_generic_room_6
D:8:      layout_basic, okawaru_metal_pillars_3, nemelex_spade_bored_becter,
          grunt_dithmenos_smoke, due_lair_maze_entry_diamond,
          minmay_guarded_unrand_finisher
D:9:      layout_roguey, orc_0_dummy, nicolae_the_louvre
D:10:     layout_roguey, lightli_corner_chamber
D:11:     layout_rooms, serial_demonic, serial_demonic_b, serial_demonic_b,
          serial_demonic_a, serial_demonic_e, serial_demonic_c,
          serial_demonic_a, serial_demonic_d, serial_demonic_d, serial_shops,
          kennysheep_mini_moat, chequers_serial_rivers_room_b, uniq_nergalle
Temple:   hellmonk_temple_divided_pantheon

Skill      XL: |  1  2  3  4  5  6  7  8  9 10 11 |
---------------+----------------------------------+-----
Armour         | 1 2 3 |  3.0
Stealth        | 1 2 3 |  3.0
Evocations     | 1 2 |  2.7
Fighting       | 3 4 5 6 8 9 12 13 14 | 14.1
Shields        | 1 2 4 6 |  6.0
Invocations    | 2 6 |  6.0
Throwing       | 2 |  2.0
Axes           | 2 5 |  5.1
Dodging        | 3 |  3.0
Short Blades   | |  2.6

Action                     |  1- 3 |  4- 6 |  7- 9 | 10-12 || total
---------------------------+-------+-------+-------+-------++-------
  Melee: Rapier            |    83 |   163 |   350 |   338 ||   934
         Punch             |     2 |     1 |       |       ||     3
         Mace              |    27 |       |       |       ||    27
         Headbutt          |     8 |    25 |    81 |   100 ||   214
         Dagger            |       |       |       |    18 ||    18
  Throw: Stone             |     3 |     1 |     2 |     2 ||     8
         Dart              |       |       |       |     3 ||     3
         Throwing net      |       |       |       |     1 ||     1
 Invoke: Upheaval          |       |       |       |     1 ||     1
  Evoke: Piece from Xom's  |       |     7 |    14 |     7 ||    28
         Wand              |       |       |     4 |     1 ||     5
    Use: Scroll            |     6 |     4 |     7 |     4 ||    21
         Potion            |       |     1 |     8 |     4 ||    13
   Stab: Sleeping          |       |     5 |     3 |     1 ||     9
         Distracted        |       |     1 |       |       ||     1
         Paralysed         |       |     3 |       |       ||     3
         Invisible         |       |       |     4 |       ||     4
         Held in net/web   |       |       |       |     1 ||     1
 Armour: Leather armour    |    24 |       |       |       ||    24
         Ring mail         |    13 |       |       |       ||    13
         Animal skin       |       |    43 |   112 |       ||   155
         Scale mail        |       |    13 |       |       ||    13
         Chain mail        |       |       |    62 |   161 ||   223
         Acid dragon scale |       |       |       |    24 ||    24
  Dodge: Dodged            |    60 |    80 |   132 |   111 ||   383
  Block: Kite shield       |       |    38 |   190 |    51 ||   279
         Tower shield      |       |       |       |   300 ||   300

Table legend: (Time is in decaauts)
 A = Elapsed time spent in this place.
 B = Non-inter-level travel time spent in this place.
 C = Inter-level travel time spent in this place.
 D = Time resting spent in this place.
 E = Time spent auto-exploring this place.
 F = Levels seen in this place.
 G = Mean time per level.
                   A        B        C        D        E       F      G
               +--------+--------+--------+--------+--------+-----+--------+
         Total |  12361 |  10152 |   2209 |   1261 |   5470 |  13 |  950.8 |
       Dungeon |  12043 |   9858 |   2185 |   1261 |   5358 |  11 | 1094.8 |
        Temple |     65 |     41 |     24 |      0 |      0 |   1 |   65.0 |
         Sewer |    253 |    253 |      0 |      0 |    111 |   1 |  253.0 |
               +--------+--------+--------+--------+--------+-----+--------+

Top non-repeatable levels by time:
     D:8: 1732 daAuts
     D:5: 1588 daAuts
     D:7: 1436 daAuts
     D:9: 1248 daAuts
     D:2: 1212 daAuts
     D:6: 1161 daAuts
     D:4: 1074 daAuts
     D:1: 1003 daAuts
    D:10: 991 daAuts
     D:3: 576 daAuts
   Sewer: 253 daAuts
  Temple: 65 daAuts
    D:11: 17 daAuts
